 Dungeon Crawl Stone Soup version 0.26.1-11-gd32895ea62 (webtiles) character file.

Game seed: 8104437949002275780

22621 dtburroughs the Cleaver (level 12, -2/112 HPs)
             Began as a Minotaur Berserker on July 6, 2021.
             Was an Elder of Trog.
             Slain by an eight-headed hydra (10 damage)
             ... on level 2 of the Lair of Beasts.
             The game lasted 00:26:54 (15920 turns).

dtburroughs the Cleaver (Minotaur Berserker)       Turns: 15920, Time: 00:26:54

Health: -2/112     AC: 23    Str: 24    XL:     12   Next: 64%
Magic:  30/30      EV: 16    Int: 12    God:    Trog [****..]
Gold:   553        SH:  6    Dex: 10    Spells: 11/11 levels left

rFire    + . .     SeeInvis +   n - +4 war axe (flame)
rCold    + . .     Faith    .   j - +0 buckler
rNeg     . . .     Spirit   .   C - +8 ring mail of Compression {rElec rC+ MP+9}
rPois    .         Reflect  .   P - +3 hat of Pondering {ponderous, Will+ MP+10 Int+5}
rElec    +         Harm     .   D - +0 cloak
rCorr    .         Rampage  .   a - +0 pair of gloves
Will     +++..                  d - +0 pair of boots
Stlth    ..........             (no amulet)
HPRegen  1.28/turn              I - ring of protection from fire
MPRegen  0.22/turn              U - ring of see invisible

@: regenerating, slow
A: retaliatory headbutt, horns 2
a: Renounce Religion, Berserk, Trog's Hand, Brothers in Arms


You were on level 2 of the Lair of Beasts.
You worshipped Trog.
Trog was greatly pleased with you.
You visited 2 branches of the dungeon, and saw 12 of its levels.

You collected 553 gold pieces.

Inventory:

Hand Weapons
 n - a +4 war axe of flaming (weapon)
 T - a +0 flail of draining
Armour
 a - a +0 pair of gloves (worn)
 d - a +0 pair of boots (worn)
 j - a +0 buckler (worn)
 v - a +0 scale mail of fire resistance
 y - a +2 leather armour of willpower
 C - the +8 ring mail of Compression (worn) {rElec rC+ MP+9}
   (You found it on level 4 of the Dungeon)

   It protects you from cold.
   It insulates you from electricity.
   It affects your magic capacity (+9).
 D - a +0 cloak (worn)
 P - the +3 hat of Pondering (worn) {ponderous, Will+ MP+10 Int+5}
   (You took it off Gastronok on level 9 of the Dungeon)

   It affects your intelligence (+5).
   It affects your willpower, your defense against some magical effects.
   It affects your magic capacity (+10).
 S - a +0 ring mail of poison resistance
Jewellery
 f - an uncursed ring of positive energy
 s - an uncursed ring of flight
 t - a +6 ring of intelligence
 I - a ring of protection from fire (left hand)
 Q - an uncursed ring of protection from fire
 U - a ring of see invisible (right hand)
Wands
 u - a wand of digging (6)
 x - a wand of enslavement (8)
 E - a wand of random effects (19)
 J - a wand of disintegration (11)
 K - a wand of flame (25)
 L - a wand of paralysis (29)
 R - a wand of polymorph (7)
Scrolls
 c - 3 scrolls of fear
 e - 6 scrolls of teleportation
 l - 8 scrolls of remove curse
 m - 2 scrolls of identify
 o - 4 scrolls of fog
 q - a scroll of blinking {unknown}
 r - 2 scrolls of enchant armour
 w - a scroll of magic mapping {unknown}
 A - 2 scrolls of immolation {unknown}
 B - a scroll of acquirement {unknown}
 O - 2 scrolls of enchant weapon {unknown}
Potions
 b - a potion of cancellation {unknown}
 g - 6 potions of curing
 h - a potion of might {unknown}
 i - 4 potions of heal wounds
 k - a potion of flight {unknown}
 p - 4 potions of haste
 F - a potion of degeneration {unknown}
 G - 2 potions of attraction
 H - 2 potions of lignification
 M - a potion of mutation {unknown}
 N - 2 potions of magic


   Skills:
 + Level 11.8 Fighting
 + Level 11.9 Axes
 + Level 11.6 Armour
 + Level 10.7 Dodging
 + Level 11.2 Shields


You had 11 spell levels left.
You didn't know any spells.
Your spell library was empty.

Dungeon Overview and Level Annotations

Branches:
Dungeon (10/15)            Temple (0/1) D:6            Lair (2/6) D:9
    Orc (0/2) D:9
  Swamp: Lair:2-4    Shoals: Lair:2-4     Snake: Lair:2-4    Spider: Lair:2-4

Altars:
Xom


Innate Abilities, Weirdness & Mutations

You reflexively headbutt those who attack you in melee.
You have a pair of horns on your head.


Message History

You slice the komodo dragon!! You burn the komodo dragon.
You kill the komodo dragon!
Trog accepts your kill.
Your skin crawls.
You feel strong-willed. Trog will no longer gift you weapons.
The eight-headed hydra bites you but does no damage.
The eight-headed hydra bites you!
* * * LOW HITPOINT WARNING * * *
The eight-headed hydra barely misses you.
The eight-headed hydra bites you but does no damage.
The eight-headed hydra barely misses you.
The eight-headed hydra bites you but does no damage.
The eight-headed hydra closely misses you. x2
You barely miss the eight-headed hydra.
You block the eight-headed hydra's attack.
The eight-headed hydra bites you.
* * * LOW HITPOINT WARNING * * *
The eight-headed hydra bites you!
You die...

##.♣..≈≈♣...###
#....♣≈≈≈♣....#
#...≈≈≈≈♣.P..# ### #######
#..P≈♣≈≈≈....#♣♣.♣♣
♣♣♣......
.P.≈≈♣♣..#.#♣...♣♣♣..♣♣♣♣.♣
#.
≈≈♣≈.............♣♣♣...≈.
#.♣♣≈♣...÷.#♣...♣♣♣†.♣♣♣♣.♣
#.....÷###D#♣♣.♣♣ ♣♣♣l.....
##.P....##@# ### ####♣.♣
##..♣..#..# ♣†♣ ####..####
♣.....S♣Y #.<# ♣.≈..l# #
#.†# ♣..... #P.# ♣.... #..#
♣.... ##.. ♣.## #.## .♣


You could see an eight-headed hydra.

Vanquished Creatures
  4 hydras
  5 death yaks
  Pikel (D:4)
  An ugly thing (D:8)
  A torpor snail (Lair:2)
  Joseph (D:9)
  An elephant (Lair:2)
  A gargoyle (D:10)
  3 cane toads (Lair:1)
  A rime drake (Lair:2)
  5 komodo dragons
  2 trolls
  Grinder (D:3)
  A hornet (D:8)
  2 polar bears (Lair:2)
  A blink frog (Lair:2)
  19 yaks
  A basilisk (Lair:2)
  A water moccasin (Lair:1)
  4 orc warriors
  A sky beast (D:5)
  2 ice beasts
  4 phantoms
  An eye of draining (D:10)
  A hornet zombie (D:9)
  8 ogres
  A centaur (D:5)
  3 big kobolds
  2 lemures (D:3)
  17 bullfrogs
  A scorpion (D:9)
  9 killer bees (D:8)
  13 wights
  5 howler monkeys
  A bullfrog zombie (D:5)
  A quasit (D:10)
  3 centaur skeletons
  3 jellies
  3 orc priests
  2 bullfrog skeletons
  8 hounds
  11 orc wizards
  6 iguanas
  Jessica (D:3)
  Terence (D:3)
  Natasha (thrice) (D:4)
  2 worker ants
  A killer bee zombie (D:8)
  A howler monkey skeleton (D:6)
  7 adders
  3 gnolls (D:6)
  A shadow imp (D:10)
  2 white imps
  An ufetubus (D:8)
  An adder skeleton (D:5)
  3 worms
  A dart slug (D:1)
  6 leopard geckos
  33 orcs
  6 giant cockroaches
  8 goblins
  10 hobgoblins
  23 jackals
  5 quokkas
  4 bats
  6 frilled lizards
  A jackal zombie (D:6)
  22 kobolds
  5 rats
319 creatures vanquished.

Vanquished Creatures (collateral kills)
  Gastronok (D:9)
  A catoblepas (Lair:1)
  A black mamba (Lair:2)
  A cane toad (Lair:2)
  A polar bear (Lair:2)
  A yak (Lair:2)
  A water moccasin (Lair:2)
7 creatures vanquished.

Vanquished Creatures (others)
  An orc wizard (D:3)
  6 fungi
  52 plants (Lair:2)
59 creatures vanquished.

Grand Total: 385 creatures vanquished

Notes
Turn   | Place    | Note
-------+----------+-------------------------------------------
     0 | D:1      | dtburroughs the Minotaur Berserker began the quest for the
                  | Orb.
     0 | D:1      | Reached XP level 1. HP: 19/19 MP: 0/0
   401 | D:1      | Reached XP level 2. HP: 27/27 MP: 1/1
   972 | D:2      | Reached XP level 3. HP: 33/33 MP: 2/2
  1562 | D:2      | Reached ** piety under Trog
  1988 | D:3      | Noticed Terence
  1996 | D:3      | Killed Terence
  1997 | D:3      | Reached skill level 1 in Shields
  1997 | D:3      | Reached XP level 4. HP: 36/41 MP: 3/3
  2043 | D:3      | Noticed Grinder
  2043 | D:3      | Paralysed by Grinder for 2 turns
  2069 | D:3      | Killed Grinder
  2070 | D:3      | Reached skill level 5 in Axes
  2070 | D:3      | Reached XP level 5. HP: 19/47 MP: 4/4
  2070 | D:3      | Reached XP level 6. HP: 22/55 MP: 5/5
  2517 | D:3      | Reached skill level 5 in Fighting
  2995 | D:3      | Noticed Jessica
  3005 | D:3      | Killed Jessica
  3546 | D:4      | Noticed Pikel
  3556 | D:4      | Noticed Natasha
  3686 | D:3      | Reached XP level 7. HP: 22/61 MP: 6/6
  3897 | D:4      | HP: 4/91 [Pikel/+2 whip of flaming (1)]
  3901 | D:4      | Killed Pikel
  3902 | D:4      | Reached skill level 5 in Armour
  3902 | D:4      | Reached skill level 5 in Dodging
  3902 | D:4      | Killed Natasha
  3903 | D:4      | Reached XP level 8. HP: 7/70 MP: 7/7
  4329 | D:4      | Reached *** piety under Trog
  4517 | D:4      | Got a smoking ring mail
  4575 | D:4      | Noticed Natasha
  4584 | D:4      | Killed Natasha
  4737 | D:4      | Noticed Natasha
  4744 | D:4      | Killed Natasha
  4825 | D:4      | Found a shimmering altar of Xom.
  5088 | D:5      | Entered Level 5 of the Dungeon
  5109 | D:5      | Reached skill level 5 in Shields
  5309 | D:5      | Identified the +8 ring mail of Compression {rElec rC+ MP+9}
                  | (You found it on level 4 of the Dungeon)
  6079 | D:5      | Reached XP level 9. HP: 73/79 MP: 8/8
  6337 | D:6      | Found a staircase to the Ecumenical Temple.
  7543 | D:7      | Reached **** piety under Trog
  8866 | D:8      | Noticed a troll
  8885 | D:8      | Killed a troll
  8886 | D:8      | Reached XP level 10. HP: 68/90 MP: 9/9
  9058 | D:8      | Noticed a red ugly thing
  9085 | D:8      | Killed a red ugly thing
  9717 | D:8      | Reached ***** piety under Trog
 10574 | D:9      | Noticed Joseph
 10608 | D:9      | Killed Joseph
 10723 | D:9      | Found a staircase to the Orcish Mines.
 11019 | D:9      | Noticed Gastronok
 11046 | D:9      | Killed Gastronok
 11322 | D:9      | Noticed a death yak
 11322 | D:9      | Noticed a death yak
 11323 | D:9      | Noticed a death yak
 11398 | D:8      | Killed a death yak
 11399 | D:8      | Reached skill level 10 in Axes
 11399 | D:8      | Reached XP level 11. HP: 30/99 MP: 10/10
 11406 | D:8      | Killed a death yak
 11407 | D:8      | Reached skill level 10 in Fighting
 11934 | D:9      | Killed a death yak
 12035 | D:9      | Found a staircase to the Lair.
 12294 | D:10     | Entered Level 10 of the Dungeon
 12397 | D:10     | Reached skill level 10 in Armour
 13198 | Lair:1   | Entered Level 1 of the Lair of Beasts
 13198 | Lair:1   | Noticed a six-headed hydra
 13521 | Lair:1   | Killed a six-headed hydra
 14043 | Lair:1   | Reached skill level 10 in Shields
 14966 | Lair:2   | Reached XP level 12. HP: 110/110 MP: 11/11
 14973 | Lair:2   | Noticed a death yak
 14973 | Lair:2   | Noticed a five-headed hydra
 14977 | Lair:2   | Noticed a death yak
 14979 | Lair:2   | Reached skill level 10 in Dodging
 14983 | Lair:2   | Noticed a catoblepas
 14988 | Lair:2   | Noticed a six-headed hydra
 14991 | Lair:2   | Killed a death yak
 14992 | Lair:2   | Noticed a five-headed hydra
 14997 | Lair:2   | Killed a one-headed hydra
 15229 | Lair:1   | Killed a catoblepas
 15580 | Lair:2   | Killed a three-headed hydra
 15665 | Lair:2   | Killed a death yak
 15826 | Lair:2   | Killed a one-headed hydra
 15913 | Lair:2   | Noticed an eight-headed hydra
 15920 | Lair:2   | Slain by an eight-headed hydra

Illustrated notes

Levels and vault maps discovered:
D:1:      lightli_arrival_windingriver, layout_loops_ring
D:2:      layout_basic, serial_forest, infiniplex_forest_straight_1,
          infiniplex_forest_straight_4, infiniplex_forest_clump_medium,
          infiniplex_forest_clump_small, infiniplex_forest_zigzag_1,
          chequers_garden
D:3:      layout_loops_corners, uniq_jessica, uniq_terence, uniq_grinder
D:4:      layout_rooms, xom_butterflies, chequers_serial_rivers_marsh,
          st_stairs_6, uniq_pikel, uniq_natasha
D:5:      layout_basic
D:6:      layout_loops_corners, minmay_temple_entry_poolview
D:7:      layout_rooms
D:8:      layout_layer_cave
D:9:      layout_basic, dpeg_lair_monsters, orc_0_dummy, uniq_joseph,
          uniq_gastronok
D:10:     layout_cave_pools
Lair:1:   layout_chaotic_city
Lair:2:   nzn_winding_woodlands_large [nzn_winding_woodlands_5x5_perimeter,
          nzn_winding_woodlands_5x15_river_crossing,
          nzn_winding_woodlands_hourglass,
          nzn_winding_woodlands_center_pierced_h,
          nzn_winding_woodlands_15x15_five_gardens,
          nzn_winding_woodlands_center_triple_pond,
          nzn_winding_woodlands_5x5_cross, nzn_winding_woodlands_5x15_eye,
          nzn_winding_woodlands_5x5_default], layout_loops_ring,
          elwin_shoals_entry_rocks, serial_bayou_pond_a, patterned_corridor

Skill      XL: |  1  2  3  4  5  6  7  8  9 10 11 12 |
---------------+-------------------------------------+-----
Axes           | 4 5 6 7 8 10 11 | 11.9
Fighting       | 4 5 6 7 8 9 11 | 11.8
Armour         | 3 4 5 6 8 9 10 11 | 11.6
Dodging        | 3 4 5 6 7 8 9 10 | 10.7
Shields        | 1 2 3 4 5 7 9 10 11 | 11.2

Action                   |  1- 3 |  4- 6 |  7- 9 | 10-12 || total
-------------------------+-------+-------+-------+-------++-------
Melee: Hand axe          |    98 |   109 |   139 |       ||   346
       Headbutt          |     8 |    18 |    66 |   136 ||   228
       War axe           |       |       |   212 |   546 ||   758
       Flail             |       |       |       |     6 ||     6
Invok: Trog's Hand       |       |     2 |     4 |     4 ||    10
       Berserk           |       |     1 |     1 |     1 ||     3
       Brothers in Arms  |       |       |       |     4 ||     4
  Use: Scroll            |       |       |     3 |    10 ||    13
       Potion            |       |       |     1 |       ||     1
Armor: Animal skin       |    28 |       |       |       ||    28
       Scale mail        |       |    40 |    39 |       ||    79
       Ring mail         |       |       |   134 |   204 ||   338
Dodge: Dodged            |    75 |    56 |   244 |   335 ||   710
Block: Buckler           |       |       |    44 |   143 ||   187
